 Dungeon Crawl Stone Soup version 0.17.1-3-g152610e (webtiles) character file.

758 Charly the Cleaver (level 7, -2/88 HPs)
             Began as a Hill Orc Berserker on Apr 24, 2016.
             Was a Believer of Trog.
             Slain by a warg (9 damage)
             ... on level 8 of the Dungeon.
             The game lasted 00:20:01 (922 turns).

Charly the Cleaver (Hill Orc Berserker)              Turns: 922, Time: 00:20:02

Health: -2/88      AC:  9    Str: 25    XL:     7   Next: 80%
Magic:  7/7        EV:  9    Int:  7    God:    Trog [**....]
Gold:   94         SH:  0    Dex: 12    Spells: 0 memorised, 6 levels left

rFire  . . .     SeeInvis .     a - +0 hand axe
rCold  . . .     Clarity  .     v - +0 chain mail
rNeg   . . .     SustAt   .     (no shield)
rPois  .         Gourm    .     (no helmet)
rElec  .         Spirit   .     (no cloak)
rCorr  .         Warding  .     (no gloves)
rMut   .         Stasis   .     (no boots)
MR     ++...                    (no amulet)
Stlth  ..........               (no ring)
                                (no ring)

@: berserking, regenerating, very quick, very resistant to hostile enchantments,
extremely unstealthy
A: no striking features
a: Berserk, Trog's Hand, Burn Spellbooks, Renounce Religion, Convert to Beogh


You were on level 8 of the Dungeon.
You worshipped Trog.
Trog was pleased with you.
You were hungry.

You visited 1 branch of the dungeon, and saw 8 of its levels.
You also visited: Ossuary.

You collected 116 gold pieces.

Inventory:

Hand Weapons
 a - a +0 hand axe (weapon)
 g - the +4 trident of Valour {speed, Dex+3}
   (You found it on level 5 of the Dungeon)

   Attacks with this weapon are significantly faster.
   It affects your dexterity (+3).
Missiles
 r - 15 poisoned needles
Armour
 i - a +0 scale mail
 v - a +0 chain mail (worn)
Wands
 k - a wand of flame (10)
Scrolls
 b - a scroll of vulnerability {unknown}
 d - a scroll of immolation {unknown}
 e - a scroll of remove curse {unknown}
 f - 5 scrolls of identify {unknown}
 j - a scroll of magic mapping {unknown}
 n - a scroll of enchant weapon {unknown}
 p - a scroll of summoning {unknown}
Potions
 c - 2 potions of invisibility {unknown}
 l - a potion of cure mutation {unknown}
 m - a potion of beneficial mutation {unknown}
 o - 2 potions of curing {unknown}
 q - a potion of brilliance {unknown}
 u - a potion of haste {unknown}
Miscellaneous
 h - a plain deck of changes {drawn: 1}
Comestibles
 s - a royal jelly
 t - 2 chunks of flesh


   Skills:
 + Level 4.3 Fighting
 * Level 10.6 Axes
 + Level 3.1 Armour
 + Level 2.1 Dodging


You had 6 spell levels left.
You didn't know any spells.

Dungeon Overview and Level Annotations

Branches:
Dungeon (8/15)
 Temple: D:4-7         Lair: D:8-11

Altars:
Gozag
Nemelex Xobeh
Okawaru
Qazlal

Annotations:
D:6 Shtopit's ghost, amateur GrBe


Message History

You slash the warg!
The warg is almost dead.
You closely miss the warg.
The warg is moderately wounded.
The warg bites you.
* * * LOW HITPOINT WARNING * * *
The warg closely misses you.
You slash the warg!
You kill the warg!
Trog accepts your kill.
Your Armour skill increases to level 3!
Your Dodging skill increases to level 2!
You hit the orc wizard.
The orc wizard is moderately wounded.
You closely miss the warg.
The warg is moderately wounded.
The orc priest hits you from afar with a trident.
* * * LOW HITPOINT WARNING * * *
The warg bites you!
You die...

#..####### . #..#
#..# #..# #..#
#..## . ##..##
... #...####$..P.
###.#..@ho....o
#.....o#h..o...
###......##o.....
#......#o# #.....
#$.....#.# #....
###...##o# ##..
#...##.# .
###.##..# #.###.#


You could see 2 wargs, 2 orc priests, 3 orc wizards and 2 orcs.

Vanquished Creatures
  A warg (D:8)
  A centaur (D:6)
  2 elf zombies (Ossuary)
  2 giant frogs
  A human zombie (Ossuary)
  An iguana (D:7)
  An orc priest (D:7)
  A giant frog skeleton (D:7)
  2 orc wizards
  A hound skeleton (D:5)
  3 mummies (Ossuary)
  3 adders
  2 shadow imps
  An ooze (D:1)
  2 adder zombies (Ossuary)
  A giant gecko (D:5)
  5 orcs
  2 bats
  A giant newt (D:5)
  3 goblin zombies (Ossuary)
  6 hobgoblin zombies (Ossuary)
  A kobold zombie (Ossuary)
  A quokka zombie (Ossuary)
  3 rats
  2 rat zombies (Ossuary)
49 creatures vanquished.

Notes
Turn   | Place    | Note
--------------------------------------------------------------
     0 | D:1      | Charly the Hill Orc Berserker began the quest for the Orb.
     0 | D:1      | Reached XP level 1. HP: 19/19 MP: 1/1
    41 | D:1      | Reached XP level 2. HP: 26/26 MP: 2/2
    44 | D:1      | Found a stormy altar of Qazlal.
    86 | D:2      | Reached skill level 5 in Axes
   124 | D:2      | Charly: blablabla
   127 | D:2      | Found an iron altar of Okawaru.
   128 | D:2      | Found an opulent altar of Gozag.
   130 | D:2      | Vidiiot: did it work?
   131 | D:2      | Charly: yup
   131 | D:2      | Vidiiot: :D
   131 | D:2      | Charly: thank you
   131 | D:2      | Vidiiot: np
   131 | D:2      | Charly: my blablabla logged
   139 | D:2      | Reached XP level 3. HP: 31/31 MP: 3/3
   208 | D:4      | Noticed a scorpion
   211 | D:5      | Entered Level 5 of the Dungeon
   257 | D:6      | Noticed a centaur
   258 | D:6      | Charly: bam
   262 | D:6      | Noticed Shtopit's ghost (amateur GrBe)
   264 | D:6      | HP: 1/46 [centaur (5)]
   266 | D:6      | Killed a centaur
   266 | D:6      | Reached skill level 7 in Axes
   266 | D:6      | Reached XP level 4. HP: 1/39 MP: 4/4
   298 | D:5      | Found a sparkling altar of Nemelex Xobeh.
   303 | D:5      | Got a slimy trident
   304 | D:5      | Identified the +4 trident of Valour {speed, Dex+3} (You found it on level 5 of the Dungeon)
   305 | D:5      | Charly: interesting
   390 | D:5      | Reached XP level 5. HP: 33/45 MP: 5/5
   468 | D:5      | Reached ** piety under Trog
   511 | D:6      | Found a sand-covered staircase.
   528 | Ossuary  | Entered an ossuary
   535 | Ossuary  | Reached skill level 8 in Axes
   586 | Ossuary  | Reached skill level 9 in Axes
   586 | Ossuary  | Reached XP level 6. HP: 24/51 MP: 6/6
   677 | Ossuary  | Charly: big mistake
   680 | Ossuary  | Charly: Im out of permfood
   716 | Ossuary  | Charly: or maybe not
   771 | D:7      | Reached skill level 10 in Axes
   771 | D:7      | Reached XP level 7. HP: 54/57 MP: 7/7
   803 | D:7      | M4edhros: oh mate
   806 | D:7      | M4edhros: ur lucky already
   807 | D:7      | Charly: how come?
   807 | D:7      | Charly: this trident?
   807 | D:7      | M4edhros: nice trident
   807 | D:7      | M4edhros: yep
   807 | D:7      | M4edhros: good early/mid
   807 | D:7      | Charly: Id switch to war axe if I found one
   807 | D:7      | Charly: that would be a good early weap for Mf or other Polearms user
   908 | D:8      | beem: I am beem. For help, type: !beem help
   911 | D:8      | Charly: lair
   922 | D:8      | Slain by a warg

Action                   |  1- 3 |  4- 6 |  7- 9 || total
-------------------------+-------+-------+-------++-------
Melee: Hand axe          |    44 |    59 |    12 ||   115
       Trident           |       |    18 |    15 ||    33
Invok: Berserk           |     4 |     5 |     2 ||    11
       Trog's Hand       |       |     1 |     2 ||     3
Evoke: Wand              |       |     4 |       ||     4
       Deck              |       |     1 |       ||     1
  Eat: Bread ration      |     1 |       |       ||     1
       Chunk             |       |     4 |     3 ||     7
